 Dungeon Crawl Stone Soup version 0.31-a0-190-g4feb4907b2 (webtiles) character file.

Game seed: 1554844479436889111

11 qw the Shooter (level 2, 0/16 HPs)
             Began as a Deep Elf Hunter on June 23, 2023.
             Slain by a jackal (1 damage)
             ... on level 1 of the Dungeon.
             The game lasted 00:00:03 (128 turns).

qw the Shooter (Deep Elf Hunter)                     Turns: 128, Time: 00:00:03

Health: 0/16       AC:  3    Str:  8    XL:     2   Next: 17%
Magic:  4/4        EV: 12    Int: 13    God:
Gold:   0          SH:  0    Dex: 18    Spells: 1/1 levels left

rFire   . . .        a - +0 shortbow
rCold   . . .        (shield currently unavailable)
rNeg    . . .        c - +0 leather armour
rPois   .            (no helmet)
rElec   .            (no cloak)
rCorr   .            (no gloves)
SInv    .            (no boots)
Will    .....        (no amulet)
Stlth   ++           (no ring)
HPRegen 0.22/turn    (no ring)
MPRegen 0.09/turn

%: no passive effects
@: no status effects
A: no striking features
a: no special abilities


You were on level 1 of the Dungeon.
You visited 1 branch of the dungeon, and saw 2 of its levels.


   Skills:
 - Level 1.5 Fighting
 + Level 6.0 Ranged Weapons
 - Level 2.4 Dodging
 - Level 1.2 Stealth


You had one spell level left.
You didn't know any spells.
Your spell library was empty.

Inventory:

Hand Weapons
 a - a +0 shortbow (weapon)
Armour
 c - a +0 leather armour (worn)
Potions
 d - a potion of lignification {unknown}
 e - a potion of berserk rage {unknown}

Dungeon Overview and Level Annotations

Branches:
Dungeon (2/15)

Altars:


Message History

There is a stone staircase leading down here.
There are monsters nearby!
Enter note:
Enter note: You shoot an arrow.
The arrow barely misses the ball python.
You shoot an arrow.
The arrow barely misses the ball python.
The arrow hits the jackal.
The jackal is moderately wounded.
The teleport trap disappears.
The ball python disappears!
You shoot an arrow.
The arrow barely misses the ball python.
The jackal bites you. The ball python bites you.
The ball python barely misses you. The goblin barely misses you.
You shoot an arrow.
The arrow closely misses the ball python.
The jackal bites you. The ball python bites you.
The ball python completely misses you. The goblin closely misses you.
The jackal bites you but does no damage.
You shoot an arrow.
The arrow barely misses the ball python.
The ball python closely misses you. The ball python grabs you.
The ball python constricts you.
The goblin hits you with a +2 dagger of flaming.
The goblin burns you.
The ball python bites you but does no damage.
The ball python constricts you.
You shoot an arrow. The arrow hits the ball python!
You kill the ball python!
The goblin hits you with a +2 dagger of flaming.
The goblin burns you. The jackal closely misses you. The jackal bites you. x2
You shoot an arrow. The arrow closely misses the jackal.
The jackal bites you.
The jackal bites you but does no damage.
The jackal bites you. The goblin closely misses you. The jackal bites you.
The jackal barely misses you.
You shoot an arrow. The arrow closely misses the jackal.
The jackal bites you.
You die...

.........................#
.........................###
............####....#
...}.....### #..#.....
.....## #.#...... ######
#.#.##### ++#######.# ..$#.#
..........#......#.#
......g@%........#.#
......hhh..........#
.##..............#
#...........####
.............#
7..............
7...##......... ..#.
#.........


You could see 3 jackals and a goblin.

Vanquished Creatures
  An adder (D:2)
  A ball python (D:1)
  A hobgoblin (D:2)
3 creatures vanquished.

Notes
Turn   | Place    | Note
-------+----------+-------------------------------------------
     0 | D:1      | qw the Deep Elf Hunter began the quest for the Orb.
     0 | D:1      | Reached XP level 1. HP: 12/12 MP: 3/3
     0 | D:1      | 0 ||| qw: Version: 0.3-a-9-g12657ce
     0 | D:1      | 0 ||| qw: Game counter: 4472
     0 | D:1      | 0 ||| qw: Always use a shield: true
     0 | D:1      | 0 ||| qw: God list: Okawaru
     0 | D:1      | 0 ||| qw: Allow faded altars: false
     0 | D:1      | 0 ||| qw: Do Orc after D:15 true
     0 | D:1      | 0 ||| qw: Do second Lair branch before Depths: true
     0 | D:1      | 0 ||| qw: Lair rune preference: random
     0 | D:1      | 0 ||| qw: Plans: Normal
     0 | D:1      | 0 ||| PLANNING D:1-11
    21 | D:1      | You fall into a shaft and drop 1 floor!
    40 | D:2      | Reached skill level 6 in Ranged Weapons
    40 | D:2      | Reached XP level 2. HP: 8/16 MP: 4/4
    43 | D:2      | HP: 4/16 [poisoned by an adder]
   116 | D:2      | 116 ||| DROPPING scroll of butterflies.
   127 | D:1      | HP: 3/16 [jackal (2)]
   127 | D:1      | HP: 1/16 [jackal (1)]
   128 | D:1      | Slain by a jackal

Levels and vault maps discovered:
D:1:      tekkud_arrival_beachfront_property, layout_rooms,
          chequers_mini_garden, roderic_lattice_a
D:2:      layout_basic

Skill      XL: |  1 |
---------------+----+-----
Ranged Weapons | 6 |  6.0
Fighting       | |  1.5
Dodging        | |  2.4
Stealth        | |  1.2

Action                     || total
---------------------------++-------
   Fire: Shortbow          ||    17
 Armour: Leather armour    ||     3
  Dodge: Dodged            ||    10

Table legend:
 A = Non-vault XP
 B = Vault XP
 C = Vault XP percentage of total XP
 D = Non-vault monster count
 E = Vault monster count
 F = Vault count percentage of total count
                 A         B        C        D         E       F
            +---------+---------+-------+---------+---------+-------
      Total |      17 |       0 |   0.0 |       3 |       0 |   0.0
            +---------+---------+-------+---------+---------+-------
        D:1 |       2 |       0 |   0.0 |       1 |       0 |   0.0
        D:2 |      15 |       0 |   0.0 |       2 |       0 |   0.0
            +---------+---------+-------+---------+---------+-------
